 Dungeon Crawl Stone Soup version 0.28.0-1-gb440e238dd (webtiles) character file.

Game seed: 18059200666807687860

30 croobank the Sneak (level 3, 0/17 HPs)
             Began as a Felid Delver on Feb 21, 2022.
             Slain by a goblin (2 damage)
             ... on level 2 of the Dungeon.
             The game lasted 00:06:06 (1893 turns).

croobank the Sneak (Felid Delver)                   Turns: 1893, Time: 00:06:07

Health: 0/17       AC:  1    Str: 10    XL:     3   Next: 5%
Magic:  4/4        EV: 18    Int: 11    God:
Gold:   95         SH:  0    Dex: 17    Spells: 2/2 levels left
                                        Lives:  0   Deaths: 0

rFire   . . .      SeeInvis +     - Unarmed
rCold   . . .      Faith    .   (shield unavailable)
rNeg    . . .      Spirit   .   (armour unavailable)
rPois   .          Reflect  .   (helmet unavailable)
rElec   .          Harm     .   (cloak unavailable)
rCorr   .          Rampage  .   (gloves unavailable)
Will    .....                   (boots unavailable)
Stlth   ++++......              (no amulet)
HPRegen 0.05/turn               (no ring)
MPRegen 0.09/turn               (no ring)

@: about to teleport, hasted, very quick
A: very small, claws 1, fangs 3, see invisible, speed 1, shaggy fur 1, stealthy
paws, no weapons or thrown items, no armour, multi-lived
a: no special abilities


You were on level 2 of the Dungeon.
You visited 1 branch of the dungeon, and saw 5 of its levels.

You collected 95 gold pieces.

Inventory:

Missiles
 c - 17 stones
Wands
 e - a wand of digging (3)
Scrolls
 a - a scroll of fog
 b - a scroll of identify


   Skills:
 + Level 3.3 Fighting
 + Level 3.3 Dodging
 + Level 7.0 Stealth
 + Level 2.4 Unarmed Combat


You had 2 spell levels left.
You didn't know any spells.
Your spell library contained the following spells:

 Spells                   Type           Power      Damage    Failure   Level
 Tukima's Dance           Hex            0%         N/A       71%         3
 Anguish                  Hex/Necr       0%         N/A       98%         4
 Enfeeble                 Hex            0%         N/A       100%        7


Dungeon Overview and Level Annotations

Branches:
Dungeon (5/15)
 Temple: D:4-7

Altars:

Annotations:
D:3 Jessica


Innate Abilities, Weirdness & Mutations

You have sharp claws.
You have razor-sharp teeth.
You have supernaturally acute eyesight. (SInv)
You cover ground quickly. (Speed+)
You are covered in fur. (AC +1)
Your paws help you pounce on unaware monsters.
You are incapable of wielding weapons or throwing items.
You cannot wear armour.
You gain extra lives every three experience levels.


Message History

You closely miss the jackal. Your bite misses the jackal.
The jackal is heavily wounded.
The jackal bites you.
You closely miss the jackal.
The jackal is heavily wounded.
The jackal bites you. The jackal misses you.
You closely miss the jackal. Your bite misses the jackal.
The jackal is heavily wounded.
The jackal barely misses you.
You feel yourself speed up. The jackal closely misses you.
You scratch the jackal.
The jackal is severely wounded.
The jackal bites you.
* * * LOW HITPOINT WARNING * * *
You miss the jackal.
The jackal is severely wounded.
You scratch the jackal.
You kill the jackal!
The jackal barely misses you.
You have reached level 3!
Your experience leads to an increase in your attributes!
Increase (S)trength, (I)ntelligence, or (D)exterity?
You feel stronger. x2
You miss the jackal. The jackal barely misses you.
You scratch the jackal. Your bite misses the jackal.
The jackal is heavily wounded.
The jackal misses you.
You aren't carrying any potions.
Okay, then.
As you read the scroll labelled NECE SICAKH, it crumbles to dust.
It is a scroll of identify.
d - a scroll of teleportation The jackal bites you.
* * * LOW HITPOINT WARNING * * *
You scratch the jackal.
You kill the jackal!
Your Stealth skill increases to level 7!
As you read the scroll of teleportation, it crumbles to dust.
You feel strangely unstable. The goblin hits you with a +0 club.
You die...

...#.#####.# #.#
##.#.#####.#####.# ##
..............>#.# .#
##.#.#####.##....# .#
#.#.#####.##....# .#
#.......#.##....# .# #
####.###.#.##....# ####.#..#
.....# #.#.##....###.†$....#
########.#.##...@g.†..........
................####.##.......
.....###.#......' ............
.....# #.#...... ####.##g##...
.....###.#...... .. .# ##
.....'...###.#.# ###.#
.....##### #.#.# .# .....#
#.#.# .....# . .#


You could see a goblin (fast).

Vanquished Creatures
  2 bats (D:1)
  2 endoplasms (D:1)
  3 goblins (D:1)
  6 hobgoblins
  4 jackals (D:2)
  A quokka (D:1)
  A ball python (D:1)
  4 kobolds
  3 rats
26 creatures vanquished.

Notes
Turn   | Place    | Note
-------+----------+-------------------------------------------
     0 | D:5      | croobank the Felid Delver began the quest for the Orb.
     0 | D:5      | Reached XP level 1. HP: 10/10 MP: 2/2
     2 | D:5      | Noticed a scorpion
     5 | D:4      | Noticed a scorpion
    24 | D:4      | Noticed a lemure
    26 | D:4      | Noticed a lemure
    57 | D:3      | Noticed Jessica
    72 | D:2      | Identified the +7 whip of croobank's Woe {venom, rC++ Str-3
                  | Dex+3}
   237 | D:1      | Found a faded altar of an unknown god.
   266 | D:1      | Reached XP level 2. HP: 4/14 MP: 3/3
   528 | D:1      | You fall into a shaft and drop 1 floor!
  1889 | D:2      | Reached XP level 3. HP: 3/17 MP: 4/4
  1893 | D:2      | Reached skill level 7 in Stealth
  1893 | D:2      | Slain by a goblin

Illustrated notes

Levels and vault maps discovered:
D:1:      evilmike_arrival_crescent, layout_rooms,
          hellmonk_ecumenical_altar_arch_garden, serial_curves, eino_curves_04,
          eino_curves_03, eino_curves_03, eino_curves_01, kennysheep_boxes
D:2:      layout_basic, amcnicky_mini_rare_corridor_liquid
D:3:      minmay_skewed_foursquare, layout_basic, cheibriados_altar_1,
          lemuel_doored_altar, uniq_jessica, uniq_natasha, uniq_grinder
D:4:      layout_loops_ring, uniq_pikel
D:5:      layout_loops_ring, minmay_shop_enchanted_jewellery

Skill      XL: |  1  2  3 |
---------------+----------+-----
Dodging        | 3 |  3.3
Stealth        | 7 |  7.0
Fighting       | |  3.3
Unarmed Combat | |  2.4

Action                   || total
-------------------------++-------
Melee: Unarmed           ||    82
       Bite              ||     9
       Punch             ||     2
  Use: Scroll            ||     4
       Potion            ||     2
 Stab: Sleeping          ||     2
Armor: Skin              ||     6
Dodge: Dodged            ||    75
